 Dungeon Crawl Stone Soup version 0.30-a0-726-gd89dcf765f (webtiles) character file.

Game seed: 178138199814221045

220 Darkkill the Shooter (level 5, -2/46 HPs)
             Began as a Minotaur Hunter on Jan 29, 2023.
             Was an Initiate of Nemelex Xobeh.
             Slain by an orc
             ... wielding a +0 flail
              (3 damage)
             ... on level 5 of the Dungeon.
             The game lasted 00:02:36 (3128 turns).

Darkkill the Shooter (Minotaur Hunter)              Turns: 3128, Time: 00:02:37

Health: -2/46      AC:  4    Str: 15    XL:     5   Next: 64%
Magic:  4/4        EV: 13    Int:  6    God:    Nemelex Xobeh [......]
Gold:   156        SH:  0    Dex: 16    Spells: 4/4 levels left

rFire   . . .      SeeInvis .    a - +0 shortbow
rCold   . . .      Faith    .    (shield currently unavailable)
rNeg    . . .      Spirit   .    c - +0 leather armour
rPois   .          Reflect  .    (helmet restricted)
rElec   .          Harm     .    i - +0 cloak
rCorr   .          Rampage  .    (no gloves)
Will    .....                    (no boots)
Stlth   ++                       (no amulet)
HPRegen 0.27/turn                (no ring)
MPRegen 0.09/turn                (no ring)

@: no status effects
A: horns 2, retaliatory headbutt
a: Renounce Religion, Draw Escape, Draw Destruction, Draw Summoning


You were on level 5 of the Dungeon.
You worshipped Nemelex Xobeh.
Nemelex Xobeh was noncommittal.
You visited 1 branch of the dungeon, and saw 5 of its levels.

You collected 156 gold pieces.

Inventory:

Hand Weapons
 a - a +0 shortbow (weapon)
Missiles
 d - 55 stones
 e - a throwing net {=f !f}
 f - 5 boomerangs
 g - 22 poisoned darts
Armour
 c - a +0 leather armour (worn)
 i - a +0 cloak (worn)
Wands
 s - a wand of charming (3)
Scrolls
 b - 2 scrolls of immolation
 l - a scroll of teleportation
Potions
 h - 3 potions of heal wounds
 j - a potion of mutation
 k - a potion of flight
 m - a potion of invisibility
 n - a potion of brilliance
 o - 2 potions of curing {@q1}
 p - a potion of cancellation {unknown}


   Skills:
 + Level 4.1 Fighting
 + Level 5.3 Ranged Weapons
 + Level 3.7 Dodging
 + Level 2.5 Stealth


You had 4 spell levels left.
You didn't know any spells.
Your spell library contained the following spells:

 Spells                   Type           Power      Damage    Failure   Level
 Blink                    Tloc           0%         N/A       67%         2
 Lesser Beckoning         Tloc           0%         N/A       67%         2
 Momentum Strike          Conj/Tloc      0%         3d8       67%         2
 Iskenderun's Battlesphe  Conj           0%         2d6       100%        5
 Iron Shot                Conj/Erth      0%         9d1       100%        6
 Spellforged Servitor     Conj/Summ      0%         N/A       100%        7


Dungeon Overview and Level Annotations

Branches:
Dungeon (5/15)
 Temple: D:4-7

Altars:
Cheibriados
Makhleb
Nemelex Xobeh

Shops:
D:1 =


Innate Abilities, Weirdness & Mutations

You have a pair of horns on your head.
You reflexively headbutt those who attack you in melee.


Message History

Things that are here:
a +0 club; an orc corpse You open the door.
An endoplasm comes into view.
The endoplasm quivers.
You shoot an arrow. The arrow hits the endoplasm.
The endoplasm is heavily wounded.
You shoot an arrow. The arrow hits the endoplasm.
You kill the endoplasm!
No target in view!
You drop an amulet of the acrobat.
As you read the scroll of identify {@r1}, it crumbles to dust.
o - 3 potions of curing Done exploring.
Done exploring.
No target in view!
There is a stone staircase leading down here.
Okay, then.
You climb downwards.
You hear the sound of rushing water.
There is an entrance to a sewer on this level.
Hurry and find it before the portal rusts away!
Found a scroll of identify.
There is a stone staircase leading up here.
q - a scroll of identify {@r1}
As you read the scroll of identify {@r1}, it crumbles to dust.
n - a potion of brilliance An orc comes into view.
It is wielding a +0 flail.
You shoot an arrow. The arrow hits the orc.
The orc shouts!
The orc is severely wounded.
An orc priest comes into view. It is wielding a +0 whip.
You shoot an arrow. The orc priest shouts!
The arrow hits the orc.
You kill the orc!
You shoot an arrow.
The arrow hits the orc priest but does no damage.
The orc priest looks braver for a moment.
You shoot an arrow. The arrow hits the orc priest!
The orc priest is severely wounded.
You shoot an arrow. The arrow barely misses the orc priest.
An orc wizard comes into view. It is wielding a +2 dagger of venom.
You shoot an arrow. The arrow barely misses the orc priest.
The orc wizard shouts!
The orc wizard mumbles some strange words.
The orc wizard flickers and vanishes!
Deactivating autopickup; reactivate with Ctrl-A.
You shoot an arrow. The arrow hits the orc priest.
The orc priest is severely wounded.
You shoot an arrow. The arrow barely misses the orc priest.
The orc priest hits you but does no damage.
You shoot an arrow. The arrow hits the orc priest!
You kill the orc priest!
No target in view!
No target in view!
No target in view!
There is a strange disturbance nearby!
An orc comes into view. It is wielding a +0 flail.
You shoot an arrow. Something hits you.
You shoot an arrow. Something hits you.
You are poisoned.
You shoot an arrow.
You feel very sick. Something hits you but does no damage.
You are more poisoned.
Something hits you.
You are more poisoned.
You shoot an arrow.
You feel extremely sick. Something hits you but does no damage.
You are lethally poisoned!
You shoot an arrow. The arrow hits the orc.
The orc is heavily wounded.
You feel extremely sick. Something barely misses you.
You shoot an arrow.
You feel very sick. Something hits you but does no damage.
You are more poisoned.
The orc hits you with a +0 flail.
* * * LOW HITPOINT WARNING * * *
You shoot an arrow.
* * * LOW HITPOINT WARNING * * *
You feel extremely sick. Something hits you but does no damage.
You are more poisoned.
The orc closely misses you. You furiously retaliate!
You headbutt the orc.
You hear some strange, mumbled words.
Something tries to affect you, but you resist.
The orc hits you with a +0 flail.
* * * LOW HITPOINT WARNING * * *
Unknown command.
You feel better.
You hear some strange, mumbled words.
A puff of flame appears from out of thin air!
The puff of flame hits you!
* * * LOW HITPOINT WARNING * * *
The orc hits you with a +0 flail.
You die...
Your body disappears without a glow.

# .#########.#
#.....o).#.###.#
.)|...{@........
.#######.#######
#.# #.# #.# #.#
#.# #<# #.#


You could see an orc.

Vanquished Creatures
  A hound (D:4)
  An orc priest (D:5)
  An iguana (D:4)
  3 adders (D:3)
  A worm (D:2)
  5 dart slugs
  9 orcs
  13 endoplasms
  2 giant cockroaches
  4 goblins
  4 hobgoblins
  7 jackals (D:2)
  10 kobolds
  2 quokkas (D:1)
  4 ball pythons
  5 bats
  2 frilled lizards (D:1)
  9 rats
83 creatures vanquished.

Notes
Turn   | Place    | Note
-------+----------+-------------------------------------------
     0 | D:1      | Darkkill the Minotaur Hunter began the quest for the Orb.
     0 | D:1      | Reached XP level 1. HP: 18/18 MP: 0/0
   157 | D:1      | Reached skill level 1 in Stealth
   207 | D:1      | Reached XP level 2. HP: 25/25 MP: 1/1
   225 | D:1      | Found Buklixea's Jewellery Shoppe.
   497 | D:1      | Reached XP level 3. HP: 31/31 MP: 2/2
   967 | D:2      | HP: 5/31 [orc/+0 hand axe (6)]
  1117 | D:2      | Reached XP level 4. HP: 38/38 MP: 3/3
  1677 | D:3      | Reached skill level 5 in Ranged Weapons
  1825 | D:3      | Found a snail-covered altar of Cheibriados.
  2653 | D:4      | Reached XP level 5. HP: 46/46 MP: 4/4
  2990 | D:4      | Found a burning altar of Makhleb.
  3058 | D:4      | Found a sparkling altar of Nemelex Xobeh.
  3062 | D:4      | Became a worshipper of Nemelex Xobeh the Trickster
  3099 | D:5      | Entered Level 5 of the Dungeon
  3127 | D:5      | HP: 4/46 [poisoned by an orc wizard]
  3127 | D:5      | HP: 1/46 [orc/+0 flail (3)]
  3128 | D:5      | Slain by an orc

Illustrated notes

Levels and vault maps discovered:
D:1:      onia_arrival_pyramid, layout_loops_corners, serial_shops, shop,
          minmay_tromino_v4_c
D:2:      layout_basic, minmay_misc_feat_hallway
D:3:      layout_loops_ring, lemuel_round_altar
D:4:      layout_cave_pools, bloody_makhleb, nemelex_dance_club_becter
D:5:      layout_loops_ring, beargit_hepliaklqana_dungeon_heroes,
          grunt_qazlal_sundering, nicolae_sif_muna_condensation,
          portal_sewer_entry_e, grunt_ministairs_4, goddamned_bats, uniq_sigmund

Skill      XL: |  1  2  3  4  5 |
---------------+----------------+-----
Stealth        | 1 2 |  2.5
Fighting       | 3 4 |  4.1
Dodging        | 3 |  3.7
Ranged Weapons | 5 |  5.3

Action                     |  1- 3 |  4- 6 || total
---------------------------+-------+-------++-------
   Fire: Shortbow          |    95 |   113 ||   208
    Use: Scroll            |     1 |     9 ||    10
         Potion            |       |     1 ||     1
 Armour: Leather armour    |     9 |    18 ||    27
  Dodge: Dodged            |    40 |    22 ||    62

Table legend: (Time is in decaauts)
 A = Elapsed time spent in this place.
 B = Non-inter-level travel time spent in this place.
 C = Inter-level travel time spent in this place.
 D = Time resting spent in this place.
 E = Time spent auto-exploring this place.
 F = Levels seen in this place.
 G = Mean time per level.
                   A        B        C        D        E       F      G
               +--------+--------+--------+--------+--------+-----+--------+
         Total |   3187 |   3064 |    123 |    100 |   2527 |   5 |  637.4 |
       Dungeon |   3187 |   3064 |    123 |    100 |   2527 |   5 |  637.4 |
               +--------+--------+--------+--------+--------+-----+--------+

Top non-repeatable levels by time:
     D:3: 969 daAuts
     D:1: 954 daAuts
     D:2: 750 daAuts
     D:4: 480 daAuts
     D:5: 32 daAuts

Table legend:
 A = Kills in this place as a percentage of kills in entire the game.
 B = Kills by you in this place as a percentage of kills by you in the entire game.
 C = Kills by friends in this place as a percentage of kills by friends in the entire game.
 D = Other kills in this place as a percentage of other kills in the entire game.
 E = Experience gained in this place as a percentage of experience gained in the entire game.
 F = Experience gained in this place divided by the number of levels of this place that you have seen.
                   A       B       C       D       E      F
               +-------+-------+-------+-------+-------+----------------------
         Total | 100.0 | 100.0 |   N/A |   N/A | 100.0 |  63.0
       Dungeon | 100.0 | 100.0 |   N/A |   N/A | 100.0 |  63.0
               +-------+-------+-------+-------+-------+----------------------
